 Dungeon Crawl Stone Soup version 0.31.0-11-ge490571c62 (webtiles) character file.

Game seed: 11249354942144184511

50 Rassilon the Trooper (level 3, -8/29 HPs)
             Began as a Demonspawn Monk on Feb 1, 2024.
             Mangled by Crazy Yiuf
             ... wielding a +4 quarterstaff of chaos
              (15 damage)
             ... on level 2 of the Dungeon.
             The game lasted 00:05:19 (1268 turns).

Rassilon the Trooper (Demonspawn Monk)              Turns: 1268, Time: 00:05:19

Health: -8/29      AC:  2    Str: 13    XL:     3   Next: 55%
Magic:  3/3        EV: 13    Int: 10    God:
Gold:   66         SH:  0    Dex: 15    Spells: 2/2 levels left

rFire   + .          .
                       - Unarmed
rCold   + . .        (no shield)
rNeg    . . .        a - +0 robe
rPois   +            (no helmet)
rElec   +            (no cloak)
rCorr   +            (no gloves)
SInv    .            (no boots)
Will    .....        (no amulet)
Stlth   +            (no ring)
HPRegen 0.24/turn    (no ring)
MPRegen 0.08/turn

%: no passive effects
@: resistant
A: spiny 1
a: no special abilities


You were on level 2 of the Dungeon.
You visited 1 branch of the dungeon, and saw 2 of its levels.

You collected 66 gold pieces.

Inventory:

Hand Weapons
 d - a +3 short sword
Armour
 a - a +0 robe (worn)
Talismans
 i - a serpent talisman
Scrolls
 e - a scroll of vulnerability {unknown}
 g - a scroll of identify
Potions
 b - a potion of ambrosia
 c - 2 potions of lignification
 h - 2 potions of attraction {unknown}
 j - a potion of heal wounds {unknown}
 k - a potion of brilliance {unknown}


   Skills:
 + Level 3.4 Fighting
 + Level 3.0 Dodging
 * Level 3.3 Unarmed Combat
 + Level 0.8 Shapeshifting


You had 2 spell levels left.
You didn't know any spells.
Your spell library was empty.

Dungeon Overview and Level Annotations

Branches:
Dungeon (2/15)

Altars:

Annotations:
D:2 Crazy Yiuf


Innate Abilities, Weirdness & Mutations

You are partially covered in sharp spines.


Message History

A rat comes into view.
The rat squeaks loudly.
You completely miss the rat. The rat barely misses you.
You hit the rat.
The rat is moderately wounded.
The rat is struck by your spines.
You kill the rat!
You hit the rat.
You kill the rat!
Things that are here:
a rat corpse; a rat corpse
Things that are here:
a rat corpse; a rat corpse A quokka comes into view.
The quokka bites you but does no damage.
You hit the quokka but do no damage. The quokka is struck by your spines.
The quokka closely misses you.
The quokka bites you but does no damage.
You closely miss the quokka.
The quokka is lightly wounded.
The quokka is struck by your spines. The quokka barely misses you.
You hit the quokka.
You kill the quokka!
You see here a quokka corpse.
You see here a +0 leather armour.
You open the door. You hit Crazy Yiuf.
Crazy Yiuf is lightly wounded.
Crazy Yiuf closely misses you.
You hit Crazy Yiuf.
Crazy Yiuf is moderately wounded.
Crazy Yiuf is struck by your spines.
Crazy Yiuf hits you with a +4 quarterstaff of chaos!
Ouch! That really hurt!
Crazy Yiuf freezes you.
* * * LOW HITPOINT WARNING * * *
You feel protected.
Crazy Yiuf hits you with a +4 quarterstaff of chaos!
Ouch! That really hurt!
You die...

.....#####.##.....)..#...##.##.##
.....# ###.###########..###.##.##
.....###...# #..#...##.##
.).......#.# ##### #..#.####.##
####.......# #)..# #....####.##
#..#.....# #...# #.........##
#........# ... #.........##
#........# #g# #.........##
#........# ♣@♣♣ #........###
#........# ♣♣.♣ #........###
###........# ♣.♣♣ #..........#
#.†........# ♣♣.♣ #..........#
...........# ♣♣.♣♣ #..........#
.#####.....# ♣♣...♣ #..........#
## #....#### ♣....♣ ##.........#
####.[#.# #....# #.........#
....<...# ####....# #..........


You could see Crazy Yiuf.

Vanquished Creatures
  2 adders (D:2)
  3 bats
  4 endoplasms
  A giant cockroach (D:1)
  5 goblins (D:1)
  A hobgoblin (D:1)
  2 jackals (D:2)
  A kobold (D:2)
  2 quokkas (D:2)
  4 ball pythons (D:1)
  A frilled lizard (D:1)
  4 rats
30 creatures vanquished.

Notes
Turn   | Place    | Note
-------+----------+-------------------------------------------
     0 | D:1      | Rassilon the Demonspawn Monk began the quest for the Orb.
     0 | D:1      | Reached XP level 1. HP: 18/18 MP: 1/1
   163 | D:1      | Gained mutation: You are partially covered in sharp spines.
                  | [demonic ancestry]
   163 | D:1      | Reached XP level 2. HP: 19/24 MP: 2/2
   517 | D:1      | Found a faded altar of an unknown god.
   842 | D:2      | Found a runed translucent door.
   843 | D:2      | Noticed Crazy Yiuf
   868 | D:2      | Reached XP level 3. HP: 28/29 MP: 3/3
  1268 | D:2      | Mangled by Crazy Yiuf

Illustrated notes

Levels and vault maps discovered:
D:1:      eino_arrival_cavern_d, layout_loops_ring,
          shapermc_ecumenical_altar_hornbeckon
D:2:      layout_rooms, grunt_decor_cap, uniq_crazy_yiuf_cottage

Skill      XL: |  1  2 |
---------------+-------+-----
Unarmed Combat | 3 |  3.3
Dodging        | 3 |  3.0
Fighting       | |  3.4
Shapeshifting  | |  0.8

Action                     || total
---------------------------++-------
  Melee: Unarmed           ||    57
         Punch             ||     1
         Long sword        ||     2
    Use: Scroll            ||     4
         Potion            ||     1
   Stab: Sleeping          ||     3
         Distracted        ||     1
 Armour: Robe              ||    20
  Dodge: Dodged            ||    23
